 Dungeon Crawl Stone Soup version 0.25-a0-1133-g93ebf739aa (webtiles) character file.

Game seed: 13520315921844838310, levelgen mode: deterministic

4004 HoaS the Grappler (level 10, -3/66 HPs)
             Began as a Gargoyle Berserker on May 20, 2020.
             Was a High Priest of Trog.
             Slain by an orc warrior
             ... wielding a +0 halberd
              (10 damage)
             ... in a bailey.
             The game lasted 00:18:38 (7755 turns).

HoaS the Grappler (Gargoyle Berserker)              Turns: 7755, Time: 00:18:39

Health: -3/66      AC: 25    Str: 20    XL:     10   Next: 23%
Magic:  10/10      EV:  6    Int:  9    God:    Trog [*****.]
Gold:   315        SH:  0    Dex: 12    Spells: 9/9 levels left

rFire    . . .     SeeInvis .     - Unarmed
rCold    . . .     Gourm    .   (no shield)
rNeg     + . .     Faith    .   f - +0 plate armour
rPois    ∞         Spirit   .   r - +1 helmet
rElec    +         Reflect  .   g - +2 cloak
rCorr    .         Harm     .   z - +1 pair of gloves
MR       +....                  (no boots)
Stlth    ..........             (no amulet)
HPRegen  1.21/turn              c - ring of flight
MPRegen  0.12/turn              (no ring)

@: vulnerable, regenerating
A: negative energy resistance 1, electricity resistance, unbreathing,
petrification resistance, rot immunity, AC +7
a: Berserk, Trog's Hand, Brothers in Arms, Renounce Religion, Evoke Flight


You were in a bailey.
You worshipped Trog.
Trog was extremely pleased with you.
You were very hungry.

You visited 1 branch of the dungeon, and saw 9 of its levels.
You also visited: Bailey.

You collected 405 gold pieces.
You spent 90 gold pieces at shops.

Inventory:

Missiles
 p - 104 bolts (quivered)
Armour
 f - a +0 plate armour (worn)
 g - a +2 cloak (worn)
 r - a +1 helmet (worn)
 z - a +1 pair of gloves (worn)
Jewellery
 c - a ring of flight (left hand)
Wands
 s - a wand of random effects (34)
 u - a wand of polymorph (18)
 D - a wand of acid (8)
Scrolls
 j - a scroll of enchant weapon
 k - 5 scrolls of identify
 t - 4 scrolls of enchant armour
Potions
 a - a potion of ambrosia {unknown}
 i - 3 potions of curing {unknown}
 m - a potion of magic {unknown}
 q - 2 potions of flight {unknown}
 A - a potion of berserk rage {unknown}
 C - 2 potions of heal wounds {unknown}
 E - a potion of haste {unknown}
Comestibles
 b - 21 rations


   Skills:
 + Level 9.6 Fighting
 - Level 3.0 Armour
 - Level 1.5 Dodging
 * Level 11.9 Unarmed Combat


You had 9 spell levels left.
You didn't know any spells.
Your spell library was empty.

Dungeon Overview and Level Annotations

Branches:
Dungeon (9/15)             Temple (0/1) D:5            Lair (0/6) D:9
    Orc (0/2) D:9          Bailey (1/1)

Altars:
Sif Muna
Xom

Shops:
D:5 [


Innate Abilities, Weirdness & Mutations

You are resistant to torment.
Your stone body is resilient. (AC +7)
You are immune to poison.
You resist negative energy. (rN+)
You are resistant to electric shocks. (rElec)
You can survive without breathing.
You are immune to petrification.
You are immune to rotting.


Message History

The orc warrior hits you but does no damage.
The orc warrior hits you from afar with a +0 glaive!
* * * LOW HITPOINT WARNING * * *
The orc hits you but does no damage. The orc barely misses you.
You hit the orc.
The orc is moderately wounded.
The orc warrior hits you but does no damage. x2
The orc hits you but does no damage. The orc closely misses you.
The orc completely misses you. The orc hits you but does no damage.
The orc closely misses you.
The orc hits you from afar with a +0 halberd.
* * * LOW HITPOINT WARNING * * *
The orc hits you but does no damage.
You punch the orc!
You kill the orc!
Trog accepts your kill. The orc warrior closely misses you. x2
The orc warrior hits you but does no damage.
The orc warrior hits you with a +0 halberd!
You die...

## ####### ######
.###.....#########.....#
..'.......#.....#o......
..'.......'.!!!.ooo.....
..'.......o.!!!oooo.....
.)'o.....oooo!o)@ooo....
..'O...o..#...oo#.o.....
.###.....#########o....#
## ####### ######


You could see an orc knight (strong), 5 orc warriors and 15 orcs.

Vanquished Creatures
  A hornet (D:9)
  A hippogriff (D:7)
  Sigmund (D:2)
  A spriggan (D:8)
  A wraith (D:9)
  An orc warrior (D:6)
  A sky beast (D:6)
  A phantom (D:7)
  4 centaurs
  3 ogres
  2 bullfrogs
  A gnoll sergeant (D:6)
  A scorpion (D:4)
  5 killer bees (D:8)
  3 wights (D:9)
  A howler monkey (D:4)
  4 crimson imps
  2 centaur zombies (D:5)
  2 jellies
  2 hounds
  Crazy Yiuf (D:7)
  4 bullfrog skeletons
  3 gnoll shamans (D:6)
  6 orc wizards
  An iguana (D:4)
  6 worker ants
  2 killer bee zombies (D:8)
  A hound skeleton (D:6)
  Robin (D:2)
  A worker ant zombie (D:7)
  10 adders
  29 gnolls
  A shadow imp (D:5)
  An ooze (D:3)
  An adder skeleton (D:7)
  A worm (D:2)
  2 dart slugs
  7 leopard geckos
  27 orcs
  5 bats
  6 giant cockroaches
  12 goblins
  14 hobgoblins
  27 jackals
  4 quokkas
  3 frilled lizards
  A jackal zombie (D:5)
  5 kobolds
  A leopard gecko skeleton (D:8)
  3 quokka skeletons
  8 rats
232 creatures vanquished.

Vanquished Creatures (collateral kills)
  An orc knight (Bailey)
  An orc (Bailey)
2 creatures vanquished.

Vanquished Creatures (others)
  A centaur (D:5)
  A worker ant (D:5)
2 creatures vanquished.

Grand Total: 236 creatures vanquished

Notes
Turn   | Place    | Note
-------+----------+-------------------------------------------
     0 | D:1      | HoaS the Gargoyle Berserker began the quest for the Orb.
     0 | D:1      | Reached XP level 1. HP: 14/14 MP: 1/1
   268 | D:1      | Reached XP level 2. HP: 17/19 MP: 2/2
   680 | D:1      | Reached ** piety under Trog
   680 | D:1      | Reached XP level 3. HP: 22/24 MP: 3/3
  1111 | D:2      | Reached skill level 4 in Unarmed Combat
  1162 | D:2      | Reached XP level 4. HP: 29/29 MP: 4/4
  1627 | D:2      | Noticed Robin
  1645 | D:2      | Killed Robin
  1733 | D:2      | Noticed Sigmund
  1749 | D:2      | Killed Sigmund
  1749 | D:2      | Reached skill level 5 in Unarmed Combat
  1749 | D:2      | Reached XP level 5. HP: 34/34 MP: 5/5
  1749 | D:2      | Reached XP level 6. HP: 40/40 MP: 6/6
  2160 | D:3      | Reached skill level 5 in Fighting
  2169 | D:3      | Reached *** piety under Trog
  2362 | D:3      | Reached skill level 6 in Unarmed Combat
  2842 | D:3      | Found a faded altar of an unknown god.
  2967 | D:3      | Found a shimmering blue altar of Sif Muna.
  3178 | D:4      | Reached XP level 7. HP: 44/44 MP: 7/7
  3329 | D:4      | Reached **** piety under Trog
  3559 | D:4      | Reached skill level 7 in Unarmed Combat
  3768 | D:5      | Entered Level 5 of the Dungeon
  3927 | D:5      | Found a shimmering altar of Xom.
  4164 | D:5      | Reached XP level 8. HP: 51/51 MP: 8/8
  4287 | D:5      | Found a staircase to the Ecumenical Temple.
  4422 | D:5      | Found Feuc's Antique Armour Shop.
  4429 | D:5      | Bought a pair of gloves for 90 gold pieces
  4584 | D:6      | Reached skill level 8 in Unarmed Combat
  5041 | D:6      | Reached skill level 9 in Unarmed Combat
  5055 | D:6      | Reached ***** piety under Trog
  5572 | D:6      | Reached XP level 9. HP: 57/57 MP: 9/9
  5841 | D:7      | Reached skill level 10 in Unarmed Combat
  6252 | D:7      | Received a gift from Trog
  6321 | D:7      | Found a runed translucent door.
  6322 | D:7      | Noticed Crazy Yiuf
  6586 | D:7      | Killed Crazy Yiuf
  6957 | D:8      | Reached skill level 11 in Unarmed Combat
  7386 | D:8      | Reached XP level 10. HP: 63/66 MP: 10/10
  7534 | D:9      | Found a staircase to the Lair.
  7634 | D:9      | Found a flagged portal.
  7722 | Bailey   | Entered a bailey
  7730 | Bailey   | Noticed an orc knight
  7730 | Bailey   | Noticed an orc knight
  7733 | Bailey   | Noticed an orc knight
  7734 | Bailey   | Noticed an orc knight
  7735 | Bailey   | Noticed an orc knight
  7738 | Bailey   | Killed an orc knight
  7755 | Bailey   | Slain by an orc warrior

Illustrated notes

Levels and vault maps discovered:
D:1:      minmay_arrival_stair_chambers, layout_rooms, kennysheep_crisscross,
          minmay_misc_feat_secret_circle
D:2:      layout_loops_ring, first_ration, hex_tiny, uniq_sigmund, uniq_robin
D:3:      layout_basic, chequers_ecumenical_altar_simple_redux,
          lemuel_blue_sif_altar
D:4:      layout_loops_ring
D:5:      layout_loops_corners, minmay_temple_entry_large_hall, serial_shops,
          nicolae_shop_waterfront, xom_confusion_cloud
D:6:      lemuel_castle_with_subvaults [lemuel_castle_interior_carwin_2],
          layout_rooms
D:7:      layout_rooms, uniq_crazy_yiuf_cottage
D:8:      layout_gridville, the_bakery
D:9:      layout_roguey, overflow_temple_1_default, dpeg_oklobed_lair,
          zombieorc1_lemuel, enter_bailey_8
Bailey:   bailey_polearm_5, bailey

Skill      XL: |  1  2  3  4  5  6  7  8  9 |
---------------+----------------------------+-----
Unarmed Combat | 4 5 6 7 9 11 | 11.9
Fighting       | 4 5 6 7 9 |  9.6
Armour         | 3 |  3.0
Dodging        | |  1.5

Action                   |  1- 3 |  4- 6 |  7- 9 | 10-12 || total
-------------------------+-------+-------+-------+-------++-------
Melee: Unarmed           |   108 |   279 |   545 |    60 ||   992
       Punch             |     1 |     3 |    16 |     1 ||    21
Invok: Trog's Hand       |       |     1 |     1 |     1 ||     3
       Berserk           |       |       |     2 |       ||     2
       Brothers in Arms  |       |       |       |     1 ||     1
  Use: Scroll            |       |       |       |    14 ||    14
  Eat: Chunk             |     1 |     6 |    17 |     1 ||    25
Armor: Animal skin       |    16 |       |       |       ||    16
       Plate armour      |    22 |   183 |   442 |    53 ||   700
Dodge: Dodged            |    43 |    79 |   154 |    27 ||   303

Table legend:
 A = Non-vault XP
 B = Vault XP
 C = Vault XP percentage of total XP
 D = Non-vault monster count
 E = Vault monster count
 F = Vault count percentage of total count
                 A         B        C        D         E       F
            +---------+---------+-------+---------+---------+-------
      Total |    4088 |    1632 |  28.5 |     160 |      74 |  31.6
            +---------+---------+-------+---------+---------+-------
        D:1 |      40 |       0 |   0.0 |      24 |       0 |   0.0
        D:2 |      93 |     262 |  73.8 |      19 |      12 |  38.7
        D:3 |     186 |       0 |   0.0 |      32 |       0 |   0.0
        D:4 |     311 |       0 |   0.0 |      17 |       0 |   0.0
        D:5 |     262 |     131 |  33.3 |       8 |       7 |  46.7
        D:6 |     662 |     643 |  49.3 |      15 |      50 |  76.9
        D:7 |     991 |      39 |   3.8 |      17 |       1 |   5.6
        D:8 |     861 |     224 |  20.6 |      22 |       1 |   4.3
        D:9 |     682 |       0 |   0.0 |       6 |       0 |   0.0
     Bailey |       0 |     333 | 100.0 |       0 |       3 | 100.0
            +---------+---------+-------+---------+---------+-------
